 Dungeon Crawl Stone Soup version 0.30.1-9-gdf580d7c3d (webtiles) character file.

Game seed: 13601898147716572113

53 safid the Chiller (level 3, -5/27 HPs)
             Began as a Merfolk Ice Elementalist on Oct 4, 2023.
             Slain by a gnoll
             ... wielding a +0 spear
              (9 damage)
             ... on level 2 of the Dungeon.
             The game lasted 00:02:15 (1143 turns).

safid the Chiller (Merfolk Ice Elementalist)        Turns: 1143, Time: 00:02:15

Health: -5/27      AC:  3    Str:  8    XL:     3   Next: 87%
Magic:  7/7        EV: 12    Int: 16    God:
Gold:   47         SH:  0    Dex: 14    Spells: 1/7 levels left

rFire   . . .        i - +0 war axe (venom)
rCold   . . .        (no shield)
rNeg    . . .        a - +0 robe
rPois   .            (no helmet)
rElec   .            (no cloak)
rCorr   .            (no gloves)
SInv    .            d - +0 pair of boots
Will    .....        (no amulet)
Stlth   ++           (no ring)
HPRegen 0.24/turn    (no ring)
MPRegen 0.10/turn

%: no passive effects
@: no status effects
A: (nimble swimmer 2), mertail
a: no special abilities


You were on level 2 of the Dungeon.
You visited 1 branch of the dungeon, and saw 2 of its levels.

You collected 47 gold pieces.

Inventory:

Hand Weapons
 i - a +0 war axe of venom (weapon)
Armour
 a - a +0 robe (worn)
 d - a +0 pair of boots (worn)
Scrolls
 f - 2 scrolls of amnesia {unknown}
 h - a scroll of fear {unknown}
Potions
 b - a potion of magic
 e - 2 potions of brilliance {unknown}
 g - a potion of heal wounds {unknown}


   Skills:
 + Level 2.0 Fighting
 - Level 2.6 Dodging
 - Level 2.1 Stealth
 + Level 2.6 Spellcasting
 + Level 4.9 Ice Magic


You had one spell level left.
You knew the following spells:

 Your Spells              Type           Power      Damage    Failure   Level
a - Freeze                Ice            72%        1d8       2%          1
b - Frozen Ramparts       Ice            36%        1d6       8%          3
c - Ensorcelled Hibernat  Hex/Ice        20%        N/A       11%         2

Your spell library contained the following spells:

 Spells                   Type           Power      Damage    Failure   Level
 Ozocubu's Armour         Ice            18%        N/A       8%          3
 Spider Form              Tmut/Pois      2%         N/A       52%         3
 Summon Ice Beast         Ice/Summ       10%        N/A       56%         4
 Anguish                  Hex/Necr       1%         N/A       89%         4


Dungeon Overview and Level Annotations

Branches:
Dungeon (2/15)

Altars:


Innate Abilities, Weirdness & Mutations

((You are very nimble when in or above water. (Stealth+, EV+, Speed+++)))
Your lower body shifts to a powerful aquatic tail in water.


Message History

No target in view!
No target in view!
A gnoll is nearby!
A gnoll is nearby!
A gnoll comes into view. It is wielding a +0 halberd.
A gnoll comes into view. It is wielding a +0 whip.
A nearby plant withers and dies.
The gnoll hits you with a +0 whip!
You closely miss the gnoll.
The gnoll shouts!
You hit the plant.
The plant begins to die.
You slash the plant!
The plant begins to die.
The plant looks as sick as possible!
The gnoll hits you with a +0 whip. x2
You are too injured to fight recklessly!
You are too injured to fight recklessly!
You are too injured to fight recklessly!
You are too injured to fight recklessly!
You are too injured to fight recklessly!
You are too injured to fight recklessly!
You are too injured to fight recklessly!
You are too injured to fight recklessly!
You are too injured to fight recklessly!
You are too injured to fight recklessly!
You are too injured to fight recklessly!
You are too injured to fight recklessly!
You are too injured to fight recklessly!
You are too injured to fight recklessly!
You are too injured to fight recklessly!
You are too injured to fight recklessly!
You are too injured to fight recklessly!
You are too injured to fight recklessly!
Unknown command.
The gnoll attacks as you move away! The gnoll hits you with a +0 whip.
A nearby plant withers and dies.
The gnoll barely misses you. The gnoll misses you.
The gnoll attacks as you move away! The gnoll hits you with a +0 whip.
* * * LOW HITPOINT WARNING * * *
You closely miss the gnoll.
The gnoll hits you from afar with a +0 spear!
You die...

........##...#
........##..##
........##..#
.......)....# #########
####....##.## #.......#
# #....##†# #.......#
###....##.# ##.......#
.....#<.##>####.g......#
.#####.......gg.@).....#
# #........##########
######.........###
.........).......#
...##.##......P.....#
......##.......P....#
####......P.........#
####......).....P...#
......###..PP..PP...#


You could see 3 gnolls.

Vanquished Creatures
  An adder (D:2)
  A worm (D:2)
  3 endoplasms
  2 giant cockroaches
  5 goblins
  A hobgoblin (D:2)
  3 jackals (D:1)
  6 kobolds
  3 quokkas (D:1)
  7 bats
  2 frilled lizards
  3 rats (D:1)
37 creatures vanquished.

Notes
Turn   | Place    | Note
-------+----------+-------------------------------------------
     0 | D:1      | safid the Merfolk Ice Elementalist began the quest for the
                  | Orb.
     0 | D:1      | Reached XP level 1. HP: 13/13 MP: 3/3
   165 | D:1      | Reached XP level 2. HP: 20/20 MP: 1/5
   223 | D:1      | Found a faded altar of an unknown god.
   237 | D:1      | Reached skill level 1 in Fighting
   508 | D:1      | Reached XP level 3. HP: 20/26 MP: 6/6
   512 | D:1      | Learned a level 3 spell: Frozen Ramparts
   719 | D:1      | Learned a level 2 spell: Ensorcelled Hibernation
  1143 | D:2      | Slain by a gnoll

Illustrated notes

Levels and vault maps discovered:
D:1:      ebering_hopf_link, layout_loops_ring,
          shapermc_ecumenical_altar_starsandcircs, due_unseen_surprise
D:2:      layout_rooms, nicolae_grassy_gnolls

Skill      XL: |  1  2  3 |
---------------+----------+-----
Fighting       | 1 2 |  2.0
Dodging        | |  2.6
Stealth        | |  2.1
Spellcasting   | |  2.6
Ice Magic      | |  4.9

Action                     || total
---------------------------++-------
  Melee: Dagger            ||   101
         Unarmed           ||     1
         Tailslap          ||     1
         War axe           ||    26
   Cast: Freeze            ||     9
   Stab: Sleeping          ||     5
 Armour: Robe              ||    34
  Dodge: Dodged            ||    95
